 Dungeon Sprint DCSS version 0.31-a0-879-g1609e0ac53 (webtiles) character file.

Game seed: 14931186877544676840

9 rocky1 the Trooper (level 2, -6/39 HPs)
             Began as a Djinni Fighter on Oct 15, 2023.
             Was an Initiate of Gozag.
             Mangled by a merfolk siren
             ... wielding a +0 spear
              (10 damage)
             ... in the Dungeon (Sprint II: "The Violet Keep of Menkaure").
             The game lasted 00:00:36 (156 turns).

rocky1 the Trooper (Djinni Fighter)                  Turns: 156, Time: 00:00:37

Health: -6/39      AC:  6    Str: 15    XL:     2   Next: 25%
Gold:   297        EV:  8    Int:  9    God:    Gozag SH:  4 Dex: 12

rFire   + + .        a - +0 long sword
rCold   x . .        c - +0 buckler
rNeg    . . .        b - +0 scale mail
rPois   ∞            (no helmet)
rElec   .            (no cloak)
rCorr   .            (no gloves)
SInv    .            (boots unavailable)
Will    .....        (no amulet) Stlth
                     (no ring)
HPRegen 0.26/turn    (no ring)
MPRegen 0.00/turn

%: no teleportation, infuse magic (-7 HP)
@: berserking (expiring), flying, very quick
A: sickness immunity, fire resistance 2, cold vulnerability 1, float, innate
caster, HP casting, extra vitality 1
a: Renounce Religion, Potion Petition, Call Merchant, Bribe Branch


You were in the Dungeon.
You worshipped Gozag.
Gozag was aware of your devotion.
You visited 1 branch You collected 297 gold pieces.

Inventory:

Hand Weapons
 a - a +0 long sword (weapon)
Armour
 b - a +0 scale mail (worn)
 c - a +0 buckler (worn)
Scrolls
 i - a scroll of blinking
Potions
 d - a potion of might
 e - a potion of curing
 f - a potion of heal wounds
 g - a potion of haste


   Skills:
 + Level 3.6 Fighting
 + Level 2.4 Long Blades
 + Level 3.6 Armour
 + Level 3.6 Shields You didn't know any spells. Your spell library was empty.

Dungeon Overview and Level Annotations

Branches:
Dungeon (1/1)

Altars:
Cheibriados
Dithmenos
Elyvilon
Fedhas
Gozag
Hepliaklqana
Makhleb
Nemelex Xobeh
Okawaru
Qazlal
Ru
Trog
Uskayaw
Wu Jian
Xom
Yredelemnul
Zin
The Shining One
Jiyva
Lugonu


Innate Abilities, Weirdness & Mutations

You are immune to sickness and miasma.
You are immune to poison.
Your flesh is very heat resistant. (rF++)
You are vulnerable to cold. (rC-)
You float through the air rather than walking.
You learn spells naturally, not from books.
Your magical power is your life essence.
You have superior vitality. (+4 MHP)


Message History

Things that are here:
a worm corpse; a worm corpse
There is a staircase leading out of the dungeon here.
You reach down and open the door.
A merfolk siren comes into view. It is wielding a +0 spear.
The merfolk siren shouts!
Unknown command.
A red film seems to cover your vision as you go berserk!
You feel yourself moving faster!
You feel mighty!
The merfolk siren hits you from afar with a +0 spear!!
You feel a strong urge to attack something.
The merfolk siren closely misses you.
There is an open door here.
You slash the merfolk siren!
The merfolk siren is moderately wounded.
The merfolk siren hits you with a +0 spear!
You barely miss the merfolk siren.
The merfolk siren is moderately wounded.
You closely miss the merfolk siren.
The merfolk siren is moderately wounded.
The merfolk siren closely misses you.
You closely miss the merfolk siren.
The merfolk siren is moderately wounded.
You block the merfolk siren's attack.
You closely miss the merfolk siren.
The merfolk siren is moderately wounded.
The merfolk siren hits you with a +0 spear.
* * * LOW HITPOINT WARNING * * *
You hit the merfolk siren but do no damage.
The merfolk siren is moderately wounded.
The merfolk siren closely misses you.
You closely miss the merfolk siren.
The merfolk siren is moderately wounded.
The merfolk siren hits you with a +0 spear.
* * * LOW HITPOINT WARNING * * *
You closely miss the merfolk siren.
The merfolk siren is moderately wounded.
The merfolk siren hits you with a +0 spear!
You die...
Your body crumbles into a pile of gold.

.. .#### .### ...#
...# ###..## #..#
#+###.##..# +..#
##.##...#..# #..#
+.<.†.##'..### ..##
##.####.#....###...
#@# #.##......~~~~
#.m.####~~.....~#'#
#..#..#~~~~~~~§.~#..
##. .##~~~~~~~~.~#..
## ##~~~≈≈≈~~~~~#..
~~~~~~≈≈≈≈~~~#..
+++#~≈§§≈≈≈≈~#._
##≈≈§###§≈#_. §§
#≈≈#._


You could see a merfolk siren.

Vanquished Creatures
  2 worms (D)
2 creatures vanquished.

Vanquished Creatures (others)
  A worm (D)
1 creature vanquished.

Grand Total: 3 creatures vanquished

Notes
Turn   | Place    | Note
-------+----------+-------------------------------------------
     0 | D        | rocky1 the Djinni Fighter began the quest for the Orb.
     0 | D        | Reached XP level 1. HP: 20/20 MP: 0/0
    21 | D        | Reached XP level 2. HP: 16/25 MP: 0/0
    63 | D        | Found a blossoming altar of Fedhas.
    64 | D        | Found a white marble altar of Elyvilon.
    65 | D        | Found an opulent altar of Gozag.
    65 | D        | Found a burning altar of Makhleb.
    66 | D        | Found a shadowy altar of Dithmenos.
    66 | D        | Found a corrupted altar of Lugonu.
    67 | D        | Found a snail-covered altar of Cheibriados.
    67 | D        | Found a bloodstained altar of Trog.
    68 | D        | Found a viscous altar of Jiyva.
    69 | D        | Found a hazy altar of Hepliaklqana.
    69 | D        | Found a sacrificial altar of Ru.
    70 | D        | Found a sparkling altar of Nemelex Xobeh.
    70 | D        | Found a hide-covered altar of Uskayaw.
    70 | D        | Found a basalt altar of Yredelemnul.
    72 | D        | Found a shimmering altar of Xom.
    73 | D        | Found a stormy altar of Qazlal.
    73 | D        | Found an ornate altar of the Wu Jian Council.
    73 | D        | Found a glowing golden altar of the Shining One.
    74 | D        | Found an iron altar of Okawaru.
    74 | D        | Found a glowing silver altar of Zin.
    80 | D        | Noticed an ice statue
    81 | D        | Became a worshipper of Gozag Ym Sagoz the Greedy
   146 | D        | Noticed a merfolk siren
   156 | D        | Mangled by a merfolk siren

Illustrated notes

Levels and vault maps discovered:
D:        the_violet_keep_of_menkaure [sprint2_stairs_cluster_1,
          sprint2_shoproom, sprint2_temple, sprint2_basic_supplies,
          sprint2_obstacle_4, sprint2_obstacle_2, sprint2_obstacle_1,
          sprint2_obstacle_7, sprint2_obstacle_6, sprint2_timed_cluster_1,
          sprint2_smallroom_cluster_1, sprint2_smallroom_final_cluster_1,
          sprint2_transparent_cluster_1, sprint2_second_timed_cluster_1,
          sprint2_sniper_area_1, sprint2_heavy_combat_area_1,
          sprint2_mutation_trap_area_1, sprint2_forest_area_1,
          sprint2_light_combat_area_1, sprint2_behind_water_1,
          sprint2_near_end_vault_1]

Skill      XL: |  1 |
---------------+----+-----
Long Blades    | 2 |  2.4
Fighting       | |  3.6
Armour         | |  3.6
Shields        | |  3.6

Action                     || total
---------------------------++-------
  Melee: Long sword        ||    33
    Use: Potion            ||     1
 Armour: Scale mail        ||    14
  Dodge: Dodged            ||     8
  Block: Buckler           ||     4

Table legend: (Time is in decaauts)
 A = Elapsed time spent in this place.
 B = Non-inter-level travel time spent in this place.
 C = Inter-level travel time spent in this place.
 D = Time resting spent in this place.
 E = Time spent auto-exploring this place.
 F = Levels seen in this place.
 G = Mean time per level.
                   A        B        C        D        E       F      G
               +--------+--------+--------+--------+--------+-----+--------+
         Total |    162 |    162 |      0 |     59 |      0 |   1 |  162.0 |
       Dungeon |    162 |    162 |      0 |     59 |      0 |   1 |  162.0 |
               +--------+--------+--------+--------+--------+-----+--------+

Top non-repeatable levels by time:
       D: 162 daAuts
